 Dungeon Crawl Stone Soup version 0.29.0-4-gdea44cf6ec (webtiles) character file.

Game seed: 3759905441773926953

43 qw the Chopper (level 3, 0/21 HPs)
             Began as a Tengu Warper on Aug 28, 2022.
             Succumbed to an adder's poison
             ... on level 2 of the Dungeon.
             The game lasted 00:00:08 (1436 turns).

qw the Chopper (Tengu Warper)                       Turns: 1436, Time: 00:00:08

Health: 0/21       AC:  3    Str: 13    XL:     3   Next: 58%
Magic:  7/7        EV: 12    Int: 13    God:
Gold:   38         SH:  0    Dex: 13    Spells: 6/6 levels left

rFire   . . .      SeeInvis .   Y - +0 hand axe
rCold   . . .      Faith    .   (no shield)
rNeg    . . .      Spirit   .   b - +0 leather armour
rPois   .          Reflect  .   (helmet restricted)
rElec   .          Harm     .   (no cloak)
rCorr   .          Rampage  .   (no gloves)
Will    .....                   (boots unavailable)
Stlth   +.........              (no amulet)
HPRegen 0.07/turn               (no ring)
MPRegen 0.10/turn               (no ring)

@: lethally poisoned (0 -> -1)
A: beak, talons 3
a: no special abilities


You were on level 2 of the Dungeon.
You visited 1 branch of the dungeon, and saw 2 of its levels.

You collected 38 gold pieces.


Innate Abilities, Weirdness & Mutations

You have a beak for a mouth.
You have claws for feet.


   Skills:
 - Level 2.0 Fighting
 + Level 4.2 Axes
 - Level 1.0 Throwing
 - Level 1.1 Armour
 - Level 2.1 Dodging
 - Level 2.0 Spellcasting
 - Level 2.4 Translocations


You had 6 spell levels left.
You didn't know any spells.
Your spell library contained the following spells:

 Spells                   Type           Power      Damage    Failure   Level
 Blink                    Tloc           14%        N/A       19%         2
 Gell's Gravitas          Tloc           7%         N/A       36%         3
 Lesser Beckoning         Tloc           7%         N/A       36%         3
 Teleport Other           Tloc           7%         N/A       36%         3
 Manifold Assault         Tloc           7%         N/A       98%         5

Inventory:

Hand Weapons
 e - a +0 whip
 Y - a +0 hand axe (weapon)
Armour
 b - a +0 leather armour (worn)
Scrolls
 a - a scroll of teleportation
Potions
 i - a potion of ambrosia {unknown}

Dungeon Overview and Level Annotations

Branches:
Dungeon (2/15)

Altars:

Shops:
D:1 ?


Message History

The adder bites you.
You are poisoned.
The adder poisons you! The adder bites you but does no damage.
You closely miss the adder. Your kick misses the adder.
Your peck misses the adder.
The adder is moderately wounded.
You feel sick. The adder closely misses you.
You closely miss the adder. Your peck misses the adder.
The adder is moderately wounded.
You feel sick. The adder barely misses you. The adder misses you.
You closely miss the adder. You claw the adder.
The adder is severely wounded.
You feel sick.
You are no longer poisoned.
The adder misses you.
You hit the adder. Your peck misses the adder.
The adder is almost dead.
The adder bites you but does no damage.
You hit the adder. Your kick misses the adder.
You peck the adder, but do no damage.
The adder is almost dead.
The adder bites you. x2
You are lethally poisoned!
The adder poisons you!
You completely miss the adder. You peck the adder.
You kill the adder!
You feel sick.
Your life force feels restored.
There is a lethal amount of poison in your body!
You feel sick.
There is a lethal amount of poison in your body!
You feel sick.
There is a lethal amount of poison in your body!
You feel sick.
There is a lethal amount of poison in your body!
You feel sick.
There is a lethal amount of poison in your body!
You feel sick.
There is a lethal amount of poison in your body!
You die...

. #.# .. . #.# #.# #.
##+#.# #.# #.##.)..# # .
#.## #.......## .#.#
#..## ##.......## ....#
#...####.........#......
.......+........@'......
#.<.####.........#......
#..## ##.......## .....
#.## ##.%.<.## #### ..#
##...## .## ##'## .# #.#
.##### #.# .....# ##.##


There were no monsters in sight!

Vanquished Creatures
  An adder (D:2)
  A dart slug (D:1)
  3 endoplasms (D:1)
  2 giant cockroaches (D:1)
  3 hobgoblins (D:1)
  6 jackals
  4 ball pythons (D:1)
  2 frilled lizards (D:1)
  4 kobolds (D:1)
  4 rats (D:1)
30 creatures vanquished.

Notes
Turn   | Place    | Note
-------+----------+-------------------------------------------
     0 | D:1      | qw the Tengu Warper began the quest for the Orb.
     0 | D:1      | Reached XP level 1. HP: 12/12 MP: 4/4
     0 | D:1      | 0 ||| qw: Version: 0.1-a-89-g26bdef1
     0 | D:1      | 0 ||| qw: Game counter: 2425
     0 | D:1      | 0 ||| qw: Always use a shield: true
     0 | D:1      | 0 ||| qw: God list: Okawaru
     0 | D:1      | 0 ||| qw: Allow faded altars: false
     0 | D:1      | 0 ||| qw: Do Orc after D:15 true
     0 | D:1      | 0 ||| qw: Do second Lair branch before Depths: true
     0 | D:1      | 0 ||| qw: Lair rune preference: random
     0 | D:1      | 0 ||| qw: Plans: Normal
     0 | D:1      | 0 ||| PLANNING D:1-11
    66 | D:1      | Reached XP level 2. HP: 15/17 MP: 6/6
   112 | D:1      | Reached skill level 3 in Axes
   118 | D:1      | 118 ||| Stepping ~*~*~tactically~*~*~ (stealth).
   120 | D:1      | 120 ||| Stepping ~*~*~tactically~*~*~ (hiding).
   203 | D:1      | 203 ||| Stepping ~*~*~tactically~*~*~ (stealth).
   204 | D:1      | 204 ||| Stepping ~*~*~tactically~*~*~ (stealth).
   211 | D:1      | 211 ||| Stepping ~*~*~tactically~*~*~ (stealth).
   221 | D:1      | 221 ||| Stepping ~*~*~tactically~*~*~ (stealth).
   222 | D:1      | 222 ||| Stepping ~*~*~tactically~*~*~ (stealth).
   260 | D:1      | Found a faded altar of an unknown god.
   495 | D:1      | 495 ||| Stepping ~*~*~tactically~*~*~ (stealth).
   505 | D:1      | 505 ||| Stepping ~*~*~tactically~*~*~ (stealth).
   524 | D:1      | 524 ||| Stepping ~*~*~tactically~*~*~ (stealth).
   525 | D:1      | 525 ||| Stepping ~*~*~tactically~*~*~ (stealth).
   526 | D:1      | 526 ||| Stepping ~*~*~tactically~*~*~ (stealth).
   554 | D:1      | 554 ||| Stepping ~*~*~tactically~*~*~ (stealth).
   560 | D:1      | 560 ||| Stepping ~*~*~tactically~*~*~ (stealth).
   562 | D:1      | 562 ||| Stepping ~*~*~tactically~*~*~ (stealth).
   629 | D:1      | Reached XP level 3. HP: 17/21 MP: 7/7
   689 | D:1      | Found Zyigic's Magic Scroll Boutique.
   691 | D:1      | 691 ||| SHOPLISTING 3 scrolls of acquirement (2184 gold,
                  | have 18).
   691 | D:1      | 691 ||| SHOPLISTING scroll of enchant armour (105 gold,
                  | have 18).
   691 | D:1      | 691 ||| SHOPLISTING scroll of identify (28 gold, have 18).
   835 | D:1      | 835 ||| Stepping ~*~*~tactically~*~*~ (stealth).
  1068 | D:1      | 1068 ||| READING scroll labelled QIETUG QIEZ.
  1069 | D:1      | 1069 ||| READING scroll labelled LIODUL JOSCHI.
  1070 | D:1      | 1070 ||| READING scroll labelled VATINW ETITS.
  1075 | D:1      | 1075 ||| DRINKING 2 clear potions.
  1076 | D:1      | 1076 ||| DROPPING scroll of blinking.
  1077 | D:1      | 1077 ||| DROPPING potion of attraction.
  1176 | D:2      | HP: 5/20 [jackal (2)]
  1178 | D:2      | Reached skill level 4 in Axes
  1431 | D:2      | HP: 5/21 [poisoned by an adder]
  1434 | D:2      | HP: 2/21 [poisoned by an adder]
  1436 | D:2      | Succumbed to an adder's poison

Levels and vault maps discovered:
D:1:      scummos_arrival_forest, layout_loops_ring, serial_shops,
          nicolae_shop_trees, ebering_ecumenical_altar_rust,
          hangedman_decor_growths
D:2:      layout_loops_corners

Skill      XL: |  1  2  3 |
---------------+----------+-----
Axes           | 3 4 |  4.2
Fighting       | |  2.0
Throwing       | |  1.0
Armour         | |  1.1
Dodging        | |  2.1
Spellcasting   | |  2.0
Translocations | |  2.4

Action                   || total
-------------------------++-------
Melee: Hand axe          ||    67
       Kick              ||    12
       Peck              ||    14
Throw: Boomerang         ||     7
  Use: Scroll            ||     3
       Potion            ||     1
Armor: Leather armour    ||    15
Dodge: Dodged            ||    40

Table legend:
 A = Non-vault XP
 B = Vault XP
 C = Vault XP percentage of total XP
 D = Non-vault monster count
 E = Vault monster count
 F = Vault count percentage of total count
                 A         B        C        D         E       F
            +---------+---------+-------+---------+---------+-------
      Total |      62 |       0 |   0.0 |      30 |       0 |   0.0
            +---------+---------+-------+---------+---------+-------
        D:1 |      41 |       0 |   0.0 |      25 |       0 |   0.0
        D:2 |      21 |       0 |   0.0 |       5 |       0 |   0.0
            +---------+---------+-------+---------+---------+-------
